Workbook

Sheet 库尔勒分公司
A1: id | B1: 账簿 | C1: 年 | D1: 月 | E1: 号 | F1: 摘要 | G1: 科目编码 | H1: 科目全称 | I1: kdbm | J1: 发生额
A2: 38239 | B2: 201 | C2: 2021 | D2: 11 | E2: 128 | F2: 11-22为公司内部往来清晰将2020年1月-2021年11月16日房产总公司账往来分立 | G2: 1221.02 | H2: 其他应收款_供应商往来 | I2: 200 | J2: -42956875 | K2: 结转金额有误，需调整
A3: 38299 | B3: 201 | C3: 2021 | D3: 11 | E3: 146 | F3: 11-24农商2813转款总公司 | G3: 1221.02 | H3: 其他应收款_供应商往来 | I3: 200 | J3: 90000
A4: 38701 | B4: 201 | C4: 2021 | D4: 12 | E4: 79 | F4: 12-10计提发放11月工资代扣社保及个税 | G4: 1221.02 | H4: 其他应收款_供应商往来 | I4: 200 | J4: 5000 | K4: 工资
A5: 39352 | B5: 201 | C5: 2021 | D5: 12 | E5: 261 | F5: 12-31计提利息支出 | G5: 1221.02 | H5: 其他应收款_供应商往来 | I5: 200 | J5: -4500000 | K5: 核销
A6: 41687 | B6: 201 | C6: 2022 | D6: 1 | E6: 21 | F6: 1-05库尔勒银行72392转款通力房产总公司 | G6: 1221.02 | H6: 其他应收款_供应商往来 | I6: 200 | J6: 21000000
A7: 41881 | B7: 201 | C7: 2022 | D7: 1 | E7: 77 | F7: 1-12计提发放12月工资代扣社保、补充医疗及个税 | G7: 1221.02 | H7: 其他应收款_供应商往来 | I7: 200 | J7: 5000 | K7: 工资
A8: 42234 | B8: 201 | C8: 2022 | D8: 2 | E8: 14 | F8: 2-14计提发放1月工资 | G8: 1221.02 | H8: 其他应收款_供应商往来 | I8: 200 | J8: 5000 | K8: 工资
A9: 42346 | B9: 201 | C9: 2022 | D9: 2 | E9: 42 | F9: 2-21农商2813转款总公司 | G9: 1221.02 | H9: 其他应收款_供应商往来 | I9: 200 | J9: 240000
A10: 42696 | B10: 201 | C10: 2022 | D10: 3 | E10: 46 | F10: 2-14计提发放1月工资 | G10: 1221.02 | H10: 其他应收款_供应商往来 | I10: 200 | J10: 5000 | K10: 工资
A11: 43240 | B11: 201 | C11: 2022 | D11: 4 | E11: 28 | F11: 4-12计提3月工资代扣社保个税 | G11: 1221.02 | H11: 其他应收款_供应商往来 | I11: 200 | J11: 5000 | K11: 工资
A12: 43351 | B12: 201 | C12: 2022 | D12: 4 | E12: 49 | F12: 4-13/14库尔勒银行72392建行406、农商2813转款房产总公司 | G12: 1221.02 | H12: 其他应收款_供应商往来 | I12: 200 | J12: 34200000
A13: 43853 | B13: 201 | C13: 2022 | D13: 5 | E13: 46 | F13: 5-13计提4月工资代扣社保及个税 | G13: 1221.02 | H13: 其他应收款_供应商往来 | I13: 200 | J13: 5000 | K13: 工资
A14: 44037 | B14: 201 | C14: 2022 | D14: 5 | E14: 97 | F14: 5-21经税代检查总公司确认无法出具2021年12月261#凭证暂估利息费用发票 | G14: 1221.02 | H14: 其他应收款_供应商往来 | I14: 200 | J14: 4500000 | K14: 核销
A15: 44214 | B15: 201 | C15: 2022 | D15: 5 | E15: 144 | F15: 5-27农商2813转款通力房产总公司 | G15: 1221.02 | H15: 其他应收款_供应商往来 | I15: 200 | J15: 660000
A16: 47955 | B16: 201 | C16: 2022 | D16: 6 | E16: 43 | F16: 6-10计提发放4月工资 | G16: 1221.02 | H16: 其他应收款_供应商往来 | I16: 200 | J16: 5000 | K16: 工资
A17: 56316 | B17: 201 | C17: 2022 | D17: 7 | E17: 24 | F17: 7-14计提发放6月工资代扣社保及个税 | G17: 1221.02 | H17: 其他应收款_供应商往来 | I17: 200 | J17: 5000 | K17: 工资
A18: 60890 | B18: 201 | C18: 2022 | D18: 9 | E18: 28 | F18: 8-10发放7月工资 | G18: 1221.02 | H18: 其他应收款_供应商往来 | I18: 200 | J18: 5000 | K18: 工资
A19: 60935 | B19: 201 | C19: 2022 | D19: 9 | E19: 37 | F19: 9-14计提发放8月工资 | G19: 1221.02 | H19: 其他应收款_供应商往来 | I19: 200 | J19: 5000 | K19: 工资
A20: 61093 | B20: 201 | C20: 2022 | D20: 11 | E20: 9 | F20: 10-13发放9月工资 | G20: 1221.02 | H20: 其他应收款_供应商往来 | I20: 200 | J20: 5000 | K20: 工资
A21: 61036 | B21: 201 | C21: 2022 | D21: 11 | E21: 11 | F21: 11-10发放10月工资 | G21: 1221.02 | H21: 其他应收款_供应商往来 | I21: 200 | J21: 5000 | K21: 工资
A22: 61207 | B22: 201 | C22: 2022 | D22: 12 | E22: 18 | F22: 12-12计提发放11月工资代扣社保及个税 | G22: 1221.02 | H22: 其他应收款_供应商往来 | I22: 200 | J22: 5000 | K22: 工资

Sheet 库分内部往来透视
A3: 行标签 | B3: 求和项:发生额
A4: 阿分 | B4: -800000
A5: 阿通 | B5: -34205239
A6: 宝发 | B6: 65020900
A7: 费用 | B7: 840
A8: 费用（无票） | B8: 120780
A9: 付给张老师 | B9: 23000000
A10: 挂福宇、展鹏 | B10: 2000
A11: 核销 | B11: 0
A12: 通力房产未计入，需补记 | B12: -7894
A13: 总公司 | B13: -1.6233045e+08
A14: 总公司工资 | B14: 104672
A15: (空白) | B15: -7058786.9
A16: 总计 | B16: -1.1615318e+08

Sheet 库分内部往来科目
A1: 日期 | B1: 凭证字 | C1: 凭证号 | D1: 科目 | E1: 摘要 | F1: 借方金额 | G1: 贷方金额 | H1: 发生额 | I1: 挂账公司
A2: 2020/3/31 | B2: 记 | C2: 68 | D2: 其他应收 | E2: 3-11/17还新疆通力房地产总公司（宝发）款 | F2: 380000 | H2: =F2-G2 -> 380000 | I2: 宝发 | J2: =YEAR(A2)&"_"&MONTH(A2)&C2&E2&H2 -> 2020_3683-11/17还新疆通力房地产总公司（宝发）款380000 | K2: =VLOOKUP(J2,[1]核算项目明细账!$B$1:$L$65536,11,0) -> 宝发 | L2: =IF(J2=[1]核算项目明细账!$B$3,1,2) -> 1
A3: 2020/3/31 | B3: 记 | C3: 69 | D3: 其他应收 | E3: 3-18还通力房产总公司款 | F3: 350000 | H3: =F3-G3 -> 350000 | I3: 总公司 | J3: =YEAR(A3)&"_"&MONTH(A3)&C3&E3&H3 -> 2020_3693-18还通力房产总公司款350000 | K3: =VLOOKUP(J3,[1]核算项目明细账!$B$1:$L$65536,11,0) -> 总公司 | M3: 2020-3683-11/17还新疆通力房地产总公司（宝发）款380000
A4: 2020/3/31 | B4: 记 | C4: 95 | D4: 其他应收 | E4: 3-30还总公司（宝发）款 | F4: 23000 | H4: =F4-G4 -> 23000 | I4: 宝发 | J4: =YEAR(A4)&"_"&MONTH(A4)&C4&E4&H4 -> 2020_3953-30还总公司（宝发）款23000 | K4: =VLOOKUP(J4,[1]核算项目明细账!$B$1:$L$65536,11,0) -> 宝发 | M4: 2020_3683-11/17还新疆通力房地产总公司（宝发）款380000
A5: 2020/3/31 | B5: 记 | C5: 101 | D5: 其他应收 | E5: 3-19发放2月工资 | F5: 1000 | H5: =F5-G5 -> 1000 | I5: 核销 | J5: =YEAR(A5)&"_"&MONTH(A5)&C5&E5&H5 -> 2020_31013-19发放2月工资1000 | K5: =VLOOKUP(J5,[1]核算项目明细账!$B$1:$L$65536,11,0) -> 总公司
A6: 2020/4/30 | B6: 记 | C6: 13 | D6: 其他应收 | E6: 4-3还总公司款（宝发） | F6: 315000 | H6: =F6-G6 -> 315000 | I6: 宝发 | J6: =YEAR(A6)&"_"&MONTH(A6)&C6&E6&H6 -> 2020_4134-3还总公司款（宝发）315000 | K6: =VLOOKUP(J6,[1]核算项目明细账!$B$1:$L$65536,11,0) -> 宝发
A7: 2020/4/30 | B7: 记 | C7: 68 | D7: 其他应收 | E7: 4-13还总公司款（宝发） | F7: 510000 | H7: =F7-G7 -> 510000 | I7: 宝发 | J7: =YEAR(A7)&"_"&MONTH(A7)&C7&E7&H7 -> 2020_4684-13还总公司款（宝发）510000 | K7: =VLOOKUP(J7,[1]核算项目明细账!$B$1:$L$65536,11,0) -> 宝发
A8: 2020/4/30 | B8: 记 | C8: 84 | D8: 其他应收 | E8: 4-16还总公司款（宝发） | F8: 240000 | H8: =F8-G8 -> 240000 | I8: 宝发 | J8: =YEAR(A8)&"_"&MONTH(A8)&C8&E8&H8 -> 2020_4844-16还总公司款（宝发）240000 | K8: =VLOOKUP(J8,[1]核算项目明细账!$B$1:$L$65536,11,0) -> 宝发
A9: 2020/4/30 | B9: 记 | C9: 102 | D9: 其他应收 | E9: 4-20支管丽萍报缴纳网上申报服务费 | F9: 780 | H9: =F9-G9 -> 780 | I9: 费用（无票） | J9: =YEAR(A9)&"_"&MONTH(A9)&C9&E9&H9 -> 2020_41024-20支管丽萍报缴纳网上申报服务费780 | K9: =VLOOKUP(J9,[1]核算项目明细账!$B$1:$L$65536,11,0) -> 总公司
A10: 2020/4/30 | B10: 记 | C10: 110 | D10: 其他应收 | E10: 4-20还总公司款（宝发） | F10: 200000 | H10: =F10-G10 -> 200000 | I10: 宝发 | J10: =YEAR(A10)&"_"&MONTH(A10)&C10&E10&H10 -> 2020_41104-20还总公司款（宝发）200000 | K10: =VLOOKUP(J10,[1]核算项目明细账!$B$1:$L$65536,11,0) -> 宝发
A11: 2020/4/30 | B11: 记 | C11: 130 | D11: 其他应收 | E11: 4-10借总公司款 | G11: 1485996.6 | H11: =F11-G11 -> -1485996.6 | I11: 总公司 | J11: =YEAR(A11)&"_"&MONTH(A11)&C11&E11&H11 -> 2020_41304-10借总公司款-1485996.6 | K11: =VLOOKUP(J11,[1]核算项目明细账!$B$1:$L$65536,11,0) -> 总公司
A12: 2020/4/30 | B12: 记 | C12: 131 | D12: 其他应收 | E12: 4-14借总公司款 | G12: 710000 | H12: =F12-G12 -> -710000 | I12: 总公司 | J12: =YEAR(A12)&"_"&MONTH(A12)&C12&E12&H12 -> 2020_41314-14借总公司款-710000 | K12: =VLOOKUP(J12,[1]核算项目明细账!$B$1:$L$65536,11,0) -> 总公司
A13: 2020/4/30 | B13: 记 | C13: 133 | D13: 其他应收 | E13: 4-23借总公司款 | G13: 15000000 | H13: =F13-G13 -> -15000000 | I13: 总公司 | J13: =YEAR(A13)&"_"&MONTH(A13)&C13&E13&H13 -> 2020_41334-23借总公司款-15000000 | K13: =VLOOKUP(J13,[1]核算项目明细账!$B$1:$L$65536,11,0) -> 总公司
A14: 2020/4/30 | B14: 记 | C14: 137 | D14: 其他应收 | E14: 4-27还总公司款 | F14: 5000000 | H14: =F14-G14 -> 5000000 | I14: 总公司 | J14: =YEAR(A14)&"_"&MONTH(A14)&C14&E14&H14 -> 2020_41374-27还总公司款5000000 | K14: =VLOOKUP(J14,[1]核算项目明细账!$B$1:$L$65536,11,0) -> 总公司
A15: 2020/5/8 | B15: 记 | C15: 17 | D15: 其他应收 | E15: 5-7还总公司款（宝发） | F15: 150000 | H15: =F15-G15 -> 150000 | I15: 宝发 | J15: =YEAR(A15)&"_"&MONTH(A15)&C15&E15&H15 -> 2020_5175-7还总公司款（宝发）150000 | K15: =VLOOKUP(J15,[1]核算项目明细账!$B$1:$L$65536,11,0) -> 宝发
A16: 2020/5/12 | B16: 记 | C16: 33 | D16: 其他应收 | E16: 5-12还总公司款 | F16: 2000000 | H16: =F16-G16 -> 2000000 | I16: 总公司 | J16: =YEAR(A16)&"_"&MONTH(A16)&C16&E16&H16 -> 2020_5335-12还总公司款2000000 | K16: =VLOOKUP(J16,[1]核算项目明细账!$B$1:$L$65536,11,0) -> 总公司
A17: 2020/5/13 | B17: 记 | C17: 60 | D17: 其他应收 | E17: 5-14还总公司款（宝发） | F17: 3000000 | H17: =F17-G17 -> 3000000 | I17: 宝发 | J17: =YEAR(A17)&"_"&MONTH(A17)&C17&E17&H17 -> 2020_5605-14还总公司款（宝发）3000000 | K17: =VLOOKUP(J17,[1]核算项目明细账!$B$1:$L$65536,11,0) -> 宝发
A18: 2020/5/21 | B18: 记 | C18: 82 | D18: 其他应收 | E18: 5-14收总公司还款（阿克苏公司） | G18: 7000000 | H18: =F18-G18 -> -7000000 | I18: 阿通 | J18: =YEAR(A18)&"_"&MONTH(A18)&C18&E18&H18 -> 2020_5825-14收总公司还款（阿克苏公司）-7000000 | K18: =VLOOKUP(J18,[1]核算项目明细账!$B$1:$L$65536,11,0) -> 阿通
A19: 2020/5/21 | B19: 记 | C19: 89 | D19: 其他应收 | E19: 发放4月工资 | F19: 5000 | H19: =F19-G19 -> 5000 | I19: 总公司工资 | J19: =YEAR(A19)&"_"&MONTH(A19)&C19&E19&H19 -> 2020_589发放4月工资5000 | K19: =VLOOKUP(J19,[1]核算项目明细账!$B$1:$L$65536,11,0) -> 总公司
A20: 2020/5/21 | B20: 记 | C20: 100 | D20: 其他应收 | E20: 5-20总公司往来（宝发） | F20: 220000 | H20: =F20-G20 -> 220000 | I20: 宝发 | J20: =YEAR(A20)&"_"&MONTH(A20)&C20&E20&H20 -> 2020_51005-20总公司往来（宝发）220000 | K20: =VLOOKUP(J20,[1]核算项目明细账!$B$1:$L$65536,11,0) -> 宝发
A21: 2020/5/21 | B21: 记 | C21: 102 | D21: 其他应收 | E21: 5-18农商行转款总公司（福宇房产） | F21: 2000 | H21: =F21-G21 -> 2000 | I21: 挂福宇、展鹏 | J21: =YEAR(A21)&"_"&MONTH(A21)&C21&E21&H21 -> 2020_51025-18农商行转款总公司（福宇房产）2000 | K21: =VLOOKUP(J21,[1]核算项目明细账!$B$1:$L$65536,11,0) -> 总公司
A22: 2020/5/26 | B22: 记 | C22: 112 | D22: 其他应收 | E22: 5-26还总公司款（宝发） | F22: 5000000 | H22: =F22-G22 -> 5000000 | I22: 宝发 | J22: =YEAR(A22)&"_"&MONTH(A22)&C22&E22&H22 -> 2020_51125-26还总公司款（宝发）5000000 | K22: =VLOOKUP(J22,[1]核算项目明细账!$B$1:$L$65536,11,0) -> 宝发
A23: 2020/5/29 | B23: 记 | C23: 129 | D23: 其他应收 | E23: 5-27总公司借款（宝发） | F23: 395000 | H23: =F23-G23 -> 395000 | I23: 宝发 | J23: =YEAR(A23)&"_"&MONTH(A23)&C23&E23&H23 -> 2020_51295-27总公司借款（宝发）395000 | K23: =VLOOKUP(J23,[1]核算项目明细账!$B$1:$L$65536,11,0) -> 宝发
A24: 2020/5/29 | B24: 记 | C24: 130 | D24: 其他应收 | E24: 5-29总公司借款（宝发） | F24: 5000000 | H24: =F24-G24 -> 5000000 | I24: 宝发 | J24: =YEAR(A24)&"_"&MONTH(A24)&C24&E24&H24 -> 2020_51305-29总公司借款（宝发）5000000 | K24: =VLOOKUP(J24,[1]核算项目明细账!$B$1:$L$65536,11,0) -> 宝发
A25: 2020/5/29 | B25: 记 | C25: 133 | D25: 其他应收 | E25: 5-29总公司借款 | F25: 30000 | H25: =F25-G25 -> 30000 | I25: 总公司 | J25: =YEAR(A25)&"_"&MONTH(A25)&C25&E25&H25 -> 2020_51335-29总公司借款30000 | K25: =VLOOKUP(J25,[1]核算项目明细账!$B$1:$L$65536,11,0) -> 总公司
A26: 2020/5/29 | B26: 记 | C26: 139 | D26: 其他应收 | E26: 5-22还总公司款（宝发） | F26: 3500000 | H26: =F26-G26 -> 3500000 | I26: 宝发 | J26: =YEAR(A26)&"_"&MONTH(A26)&C26&E26&H26 -> 2020_51395-22还总公司款（宝发）3500000 | K26: =VLOOKUP(J26,[1]核算项目明细账!$B$1:$L$65536,11,0) -> 宝发
A27: 2020/6/10 | B27: 记 | C27: 55 | D27: 其他应收 | E27: 6-9借总公司款 | G27: 1159000 | H27: =F27-G27 -> -1159000 | I27: 总公司 | J27: =YEAR(A27)&"_"&MONTH(A27)&C27&E27&H27 -> 2020_6556-9借总公司款-1159000 | K27: =VLOOKUP(J27,[1]核算项目明细账!$B$1:$L$65536,11,0) -> 总公司
A28: 2020/6/15 | B28: 记 | C28: 95 | D28: 其他应收 | E28: 6-15转总公司（宝发） | F28: 100000 | H28: =F28-G28 -> 100000 | I28: 宝发 | J28: =YEAR(A28)&"_"&MONTH(A28)&C28&E28&H28 -> 2020_6956-15转总公司（宝发）100000 | K28: =VLOOKUP(J28,[1]核算项目明细账!$B$1:$L$65536,11,0) -> 宝发
A29: 2020/6/18 | B29: 记 | C29: 114 | D29: 其他应收 | E29: 6-17借总公司款 | G29: 15826003 | H29: =F29-G29 -> -15826003 | I29: 总公司 | J29: =YEAR(A29)&"_"&MONTH(A29)&C29&E29&H29 -> 2020_61146-17借总公司款-15826003.4 | K29: =VLOOKUP(J29,[1]核算项目明细账!$B$1:$L$65536,11,0) -> 总公司
A30: 2020/6/18 | B30: 记 | C30: 118 | D30: 其他应收 | E30: 6-18转款总公司 | F30: 1000000 | H30: =F30-G30 -> 1000000 | I30: 总公司 | J30: =YEAR(A30)&"_"&MONTH(A30)&C30&E30&H30 -> 2020_61186-18转款总公司1000000 | K30: =VLOOKUP(J30,[1]核算项目明细账!$B$1:$L$65536,11,0) -> 总公司
A31: 2020/6/18 | B31: 记 | C31: 127 | D31: 其他应收 | E31: 调4月139#凭证工资发放漏记7600元 | F31: 5000 | H31: =F31-G31 -> 5000 | I31: 总公司工资 | J31: =YEAR(A31)&"_"&MONTH(A31)&C31&E31&H31 -> 2020_6127调4月139#凭证工资发放漏记7600元5000 | K31: =VLOOKUP(J31,[1]核算项目明细账!$B$1:$L$65536,11,0) -> 总公司
A32: 2020/6/19 | B32: 记 | C32: 135 | D32: 其他应收 | E32: 6-17转款总公司（宝发） | F32: 540000 | H32: =F32-G32 -> 540000 | I32: 宝发 | J32: =YEAR(A32)&"_"&MONTH(A32)&C32&E32&H32 -> 2020_61356-17转款总公司（宝发）540000 | K32: =VLOOKUP(J32,[1]核算项目明细账!$B$1:$L$65536,11,0) -> 宝发
A33: 2020/6/19 | B33: 记 | C33: 142 | D33: 其他应收 | E33: 6-22转总公司（宝发） | F33: 60000 | H33: =F33-G33 -> 60000 | I33: 宝发 | J33: =YEAR(A33)&"_"&MONTH(A33)&C33&E33&H33 -> 2020_61426-22转总公司（宝发）60000 | K33: =VLOOKUP(J33,[1]核算项目明细账!$B$1:$L$65536,11,0) -> 宝发
A34: 2020/6/19 | B34: 记 | C34: 146 | D34: 其他应收 | E34: 6-20发放5月工资 | F34: 3000 | H34: =F34-G34 -> 3000 | I34: 总公司工资 | J34: =YEAR(A34)&"_"&MONTH(A34)&C34&E34&H34 -> 2020_61466-20发放5月工资3000 | K34: =VLOOKUP(J34,[1]核算项目明细账!$B$1:$L$65536,11,0) -> 总公司
A35: 2020/6/19 | B35: 记 | C35: 148 | D35: 其他应收 | E35: 调3月99#凭证发放1月份工资漏记发放5928元 | F35: 6672 | H35: =F35-G35 -> 6672 | I35: 总公司工资 | J35: =YEAR(A35)&"_"&MONTH(A35)&C35&E35&H35 -> 2020_6148调3月99#凭证发放1月份工资漏记发放5928元6672 | K35: =VLOOKUP(J35,[1]核算项目明细账!$B$1:$L$65536,11,0) -> 总公司
A36: 2020/6/28 | B36: 记 | C36: 176 | D36: 其他应收 | E36: 6-23/25收总公司转款（宝发） | G36: 15826003 | H36: =F36-G36 -> -15826003 | I36: 宝发 | J36: =YEAR(A36)&"_"&MONTH(A36)&C36&E36&H36 -> 2020_61766-23/25收总公司转款（宝发）-15826003.4 | K36: =VLOOKUP(J36,[1]核算项目明细账!$B$1:$L$65536,11,0) -> 宝发
A37: 2020/6/28 | B37: 记 | C37: 188 | D37: 其他应收 | E37: 6-29总公司转款（宝发） | G37: 2000000 | H37: =F37-G37 -> -2000000 | I37: 宝发 | J37: =YEAR(A37)&"_"&MONTH(A37)&C37&E37&H37 -> 2020_61886-29总公司转款（宝发）-2000000 | K37: =VLOOKUP(J37,[1]核算项目明细账!$B$1:$L$65536,11,0) -> 宝发
A38: 2020/6/30 | B38: 记 | C38: 196 | D38: 其他应收 | E38: 6-30转款总公司 | F38: 200000 | H38: =F38-G38 -> 200000 | I38: 总公司 | J38: =YEAR(A38)&"_"&MONTH(A38)&C38&E38&H38 -> 2020_61966-30转款总公司200000 | K38: =VLOOKUP(J38,[1]核算项目明细账!$B$1:$L$65536,11,0) -> 总公司
A39: 2020/6/30 | B39: 记 | C39: 198 | D39: 其他应收 | E39: 6-30总公司转款（宝发） | G39: 425000 | H39: =F39-G39 -> -425000 | I39: 宝发 | J39: =YEAR(A39)&"_"&MONTH(A39)&C39&E39&H39 -> 2020_61986-30总公司转款（宝发）-425000 | K39: =VLOOKUP(J39,[1]核算项目明细账!$B$1:$L$65536,11,0) -> 宝发
A40: 2020/7/3 | B40: 记 | C40: 10 | D40: 其他应收 | E40: 7-1库尔勒银行转款总公司 | F40: 20000000 | H40: =F40-G40 -> 20000000 | I40: 总公司 | J40: =YEAR(A40)&"_"&MONTH(A40)&C40&E40&H40 -> 2020_7107-1库尔勒银行转款总公司20000000 | K40: =VLOOKUP(J40,[1]核算项目明细账!$B$1:$L$65536,11,0) -> 总公司
A41: 2020/7/13 | B41: 记 | C41: 54 | D41: 其他应收 | E41: 7-10转总公司款（宝发） | F41: 20000 | H41: =F41-G41 -> 20000 | I41: 宝发 | J41: =YEAR(A41)&"_"&MONTH(A41)&C41&E41&H41 -> 2020_7547-10转总公司款（宝发）20000 | K41: =VLOOKUP(J41,[1]核算项目明细账!$B$1:$L$65536,11,0) -> 宝发
A42: 2020/7/13 | B42: 记 | C42: 56 | D42: 其他应收 | E42: 7-13转款总公司（宝发） | F42: 100000 | H42: =F42-G42 -> 100000 | I42: 宝发 | J42: =YEAR(A42)&"_"&MONTH(A42)&C42&E42&H42 -> 2020_7567-13转款总公司（宝发）100000 | K42: =VLOOKUP(J42,[1]核算项目明细账!$B$1:$L$65536,11,0) -> 宝发
A43: 2020/7/21 | B43: 记 | C43: 94 | D43: 其他应收 | E43: 7-17发放6月工资 | F43: 5000 | H43: =F43-G43 -> 5000 | I43: 总公司工资 | J43: =YEAR(A43)&"_"&MONTH(A43)&C43&E43&H43 -> 2020_7947-17发放6月工资5000 | K43: =VLOOKUP(J43,[1]核算项目明细账!$B$1:$L$65536,11,0) -> 总公司
A44: 2020/7/21 | B44: 记 | C44: 98 | D44: 其他应收 | E44: 7-20高建梅报票（数字证书费） | F44: 150 | H44: =F44-G44 -> 150 | I44: 费用 | J44: =YEAR(A44)&"_"&MONTH(A44)&C44&E44&H44 -> 2020_7987-20高建梅报票（数字证书费）150 | K44: =VLOOKUP(J44,[1]核算项目明细账!$B$1:$L$65536,11,0) -> 总公司
A45: 2020/8/29 | B45: 记 | C45: 10 | D45: 其他应收 | E45: 8-18农商2813转款宝发农资 | F45: 80000 | H45: =F45-G45 -> 80000 | I45: 宝发 | J45: =YEAR(A45)&"_"&MONTH(A45)&C45&E45&H45 -> 2020_8108-18农商2813转款宝发农资80000 | K45: =VLOOKUP(J45,[1]核算项目明细账!$B$1:$L$65536,11,0) -> 宝发
A46: 2020/8/29 | B46: 记 | C46: 13 | D46: 其他应收 | E46: 8-19发放7月工资 | F46: 5000 | H46: =F46-G46 -> 5000 | I46: 总公司工资 | J46: =YEAR(A46)&"_"&MONTH(A46)&C46&E46&H46 -> 2020_8138-19发放7月工资5000 | K46: =VLOOKUP(J46,[1]核算项目明细账!$B$1:$L$65536,11,0) -> 总公司
A47: 2020/8/29 | B47: 记 | C47: 14 | D47: 其他应收 | E47: 8-25宝发转款库尔勒银行 | G47: 4000000 | H47: =F47-G47 -> -4000000 | I47: 宝发 | J47: =YEAR(A47)&"_"&MONTH(A47)&C47&E47&H47 -> 2020_8148-25宝发转款库尔勒银行-4000000 | K47: =VLOOKUP(J47,[1]核算项目明细账!$B$1:$L$65536,11,0) -> 宝发
A48: 2020/8/29 | B48: 记 | C48: 15 | D48: 其他应收 | E48: 8-26库尔勒银行转款总公司（阿克苏通力） | F48: 1500000 | H48: =F48-G48 -> 1500000 | I48: 阿通 | J48: =YEAR(A48)&"_"&MONTH(A48)&C48&E48&H48 -> 2020_8158-26库尔勒银行转款总公司（阿克苏通力）1500000 | K48: =VLOOKUP(J48,[1]核算项目明细账!$B$1:$L$65536,11,0) -> 阿通
A49: 2020/8/31 | B49: 记 | C49: 20 | D49: 其他应收 | E49: 8-31库尔勒银行72392转款宝发农资 | F49: 6500000 | H49: =F49-G49 -> 6500000 | I49: 宝发 | J49: =YEAR(A49)&"_"&MONTH(A49)&C49&E49&H49 -> 2020_8208-31库尔勒银行72392转款宝发农资6500000 | K49: =VLOOKUP(J49,[1]核算项目明细账!$B$1:$L$65536,11,0) -> 宝发
A50: 2020/8/31 | B50: 记 | C50: 24 | D50: 其他应收 | E50: 预付巴州青橄榄景观轴亮化工程款 | G50: 5239 | H50: =F50-G50 -> -5239 | I50: 阿通 | J50: =YEAR(A50)&"_"&MONTH(A50)&C50&E50&H50 -> 2020_824预付巴州青橄榄景观轴亮化工程款-5239 | K50: =VLOOKUP(J50,[1]核算项目明细账!$B$1:$L$65536,11,0) -> 阿通
A51: 2020/8/31 | B51: 记 | C51: 29 | D51: 其他应收 | E51: 3-16总公司转款72392 | G51: 35000000 | H51: =F51-G51 -> -35000000 | I51: 总公司 | J51: =YEAR(A51)&"_"&MONTH(A51)&C51&E51&H51 -> 2020_8293-16总公司转款72392-35000000 | K51: =VLOOKUP(J51,[1]核算项目明细账!$B$1:$L$65536,11,0) -> 总公司
A52: 2020/8/31 | B52: 记 | C52: 29 | D52: 其他应收 | E52: 3-17/20/25转款总公司 | F52: 23000000 | H52: =F52-G52 -> 23000000 | I52: 付给张老师 | J52: =YEAR(A52)&"_"&MONTH(A52)&C52&E52&H52 -> 2020_8293-17/20/25转款总公司23000000 | K52: =VLOOKUP(J52,[1]核算项目明细账!$B$1:$L$65536,11,0) -> 总公司
A53: 2020/9/4 | B53: 记 | C53: 34 | D53: 其他应收 | E53: 9-4库尔勒银行72392转款宝发 | F53: 1000000 | H53: =F53-G53 -> 1000000 | I53: 宝发 | J53: =YEAR(A53)&"_"&MONTH(A53)&C53&E53&H53 -> 2020_9349-4库尔勒银行72392转款宝发1000000 | K53: =VLOOKUP(J53,[1]核算项目明细账!$B$1:$L$65536,11,0) -> 宝发
A54: 2020/9/14 | B54: 记 | C54: 206 | D54: 其他应收 | E54: 9-14张璐燕报费用 | F54: 690 | H54: =F54-G54 -> 690 | I54: 费用 | J54: =YEAR(A54)&"_"&MONTH(A54)&C54&E54&H54 -> 2020_92069-14张璐燕报费用690 | K54: =VLOOKUP(J54,[1]核算项目明细账!$B$1:$L$65536,11,0) -> 总公司
A55: 2020/9/14 | B55: 记 | C55: 207 | D55: 其他应收 | E55: 9-14转款宝发农资 | F55: 80000 | H55: =F55-G55 -> 80000 | I55: 宝发 | J55: =YEAR(A55)&"_"&MONTH(A55)&C55&E55&H55 -> 2020_92079-14转款宝发农资80000 | K55: =VLOOKUP(J55,[1]核算项目明细账!$B$1:$L$65536,11,0) -> 宝发
A56: 2020/9/14 | B56: 记 | C56: 210 | D56: 其他应收 | E56: 9-10/14转款宝发 | F56: 15826003 | H56: =F56-G56 -> 15826003 | I56: 宝发 | J56: =YEAR(A56)&"_"&MONTH(A56)&C56&E56&H56 -> 2020_92109-10/14转款宝发15826003.4 | K56: =VLOOKUP(J56,[1]核算项目明细账!$B$1:$L$65536,11,0) -> 宝发
A57: 2020/9/17 | B57: 记 | C57: 253 | D57: 其他应收 | E57: 9-17转款宝发 | F57: 46000 | H57: =F57-G57 -> 46000 | I57: 宝发 | J57: =YEAR(A57)&"_"&MONTH(A57)&C57&E57&H57 -> 2020_92539-17转款宝发46000 | K57: =VLOOKUP(J57,[1]核算项目明细账!$B$1:$L$65536,11,0) -> 宝发
A58: 2020/9/19 | B58: 记 | C58: 290 | D58: 其他应收 | E58: 9-18转款总公司 | F58: 1050000 | H58: =F58-G58 -> 1050000 | I58: 总公司 | J58: =YEAR(A58)&"_"&MONTH(A58)&C58&E58&H58 -> 2020_92909-18转款总公司1050000 | K58: =VLOOKUP(J58,[1]核算项目明细账!$B$1:$L$65536,11,0) -> 总公司
A59: 2020/9/23 | B59: 记 | C59: 350 | D59: 其他应收 | E59: 9-18发放8月工资 | F59: 5000 | H59: =F59-G59 -> 5000 | I59: 总公司工资 | J59: =YEAR(A59)&"_"&MONTH(A59)&C59&E59&H59 -> 2020_93509-18发放8月工资5000 | K59: =VLOOKUP(J59,[1]核算项目明细账!$B$1:$L$65536,11,0) -> 总公司
A60: 2020/9/27 | B60: 记 | C60: 419 | D60: 其他应收 | E60: 9-25农商转款宝发 | F60: 100000 | H60: =F60-G60 -> 100000 | I60: 宝发 | J60: =YEAR(A60)&"_"&MONTH(A60)&C60&E60&H60 -> 2020_94199-25农商转款宝发100000 | K60: =VLOOKUP(J60,[1]核算项目明细账!$B$1:$L$65536,11,0) -> 宝发
A61: 2020/10/14 | B61: 记 | C61: 52 | D61: 其他应收 | E61: 10-12新疆通力阿克苏分公司转款2392 | G61: 800000 | H61: =F61-G61 -> -800000 | I61: 阿分 | J61: =YEAR(A61)&"_"&MONTH(A61)&C61&E61&H61 -> 2020_105210-12新疆通力阿克苏分公司转款2392-800000 | K61: =VLOOKUP(J61,[1]核算项目明细账!$B$1:$L$65536,11,0) -> 阿分
A62: 2020/10/14 | B62: 记 | C62: 52 | D62: 其他应收 | E62: 10-12阿克苏通力公司转款72392 | G62: 2000000 | H62: =F62-G62 -> -2000000 | I62: 阿通 | J62: =YEAR(A62)&"_"&MONTH(A62)&C62&E62&H62 -> 2020_105210-12阿克苏通力公司转款72392-2000000 | K62: =VLOOKUP(J62,[1]核算项目明细账!$B$1:$L$65536,11,0) -> 阿通
A63: 2020/10/14 | B63: 记 | C63: 61 | D63: 其他应收 | E63: 10-14转款宝发农资 | F63: 480000 | H63: =F63-G63 -> 480000 | I63: 宝发 | J63: =YEAR(A63)&"_"&MONTH(A63)&C63&E63&H63 -> 2020_106110-14转款宝发农资480000 | K63: =VLOOKUP(J63,[1]核算项目明细账!$B$1:$L$65536,11,0) -> 宝发
A64: 2020/10/22 | B64: 记 | C64: 146 | D64: 其他应收 | E64: 10-16阿克苏房产转款72392 | G64: 6000000 | H64: =F64-G64 -> -6000000 | I64: 阿通 | J64: =YEAR(A64)&"_"&MONTH(A64)&C64&E64&H64 -> 2020_1014610-16阿克苏房产转款72392-6000000 | K64: =VLOOKUP(J64,[1]核算项目明细账!$B$1:$L$65536,11,0) -> 阿通
A65: 2020/10/30 | B65: 记 | C65: 222 | D65: 其他应收 | E65: 10-22发放9月工资 | F65: 5000 | H65: =F65-G65 -> 5000 | I65: 总公司工资 | J65: =YEAR(A65)&"_"&MONTH(A65)&C65&E65&H65 -> 2020_1022210-22发放9月工资5000 | K65: =VLOOKUP(J65,[1]核算项目明细账!$B$1:$L$65536,11,0) -> 总公司
A66: 2020/10/30 | B66: 记 | C66: 227 | D66: 其他应收 | E66: 10-26库尔勒银行72392转款阿克苏通力 | F66: 1100000 | H66: =F66-G66 -> 1100000 | I66: 阿通 | J66: =YEAR(A66)&"_"&MONTH(A66)&C66&E66&H66 -> 2020_1022710-26库尔勒银行72392转款阿克苏通力1100000 | K66: =VLOOKUP(J66,[1]核算项目明细账!$B$1:$L$65536,11,0) -> 阿通
A67: 2020/10/30 | B67: 记 | C67: 228 | D67: 其他应收 | E67: 10-27库尔勒银行72392转款宝发农资 | F67: 220000 | H67: =F67-G67 -> 220000 | I67: 宝发 | J67: =YEAR(A67)&"_"&MONTH(A67)&C67&E67&H67 -> 2020_1022810-27库尔勒银行72392转款宝发农资220000 | K67: =VLOOKUP(J67,[1]核算项目明细账!$B$1:$L$65536,11,0) -> 宝发
A68: 2020/10/30 | B68: 记 | C68: 229 | D68: 其他应收 | E68: 10-28库尔勒银行72392转款通力房产公司 | F68: 350000 | H68: =F68-G68 -> 350000 | I68: 总公司 | J68: =YEAR(A68)&"_"&MONTH(A68)&C68&E68&H68 -> 2020_1022910-28库尔勒银行72392转款通力房产公司350000 | K68: =VLOOKUP(J68,[1]核算项目明细账!$B$1:$L$65536,11,0) -> 总公司
A69: 2020/10/31 | B69: 记 | C69: 252 | D69: 其他应收 | E69: 10-31调3月101#凭证发放1月工资记账错误 | F69: -1000 | H69: =F69-G69 -> -1000 | I69: 核销 | J69: =YEAR(A69)&"_"&MONTH(A69)&C69&E69&H69 -> 2020_1025210-31调3月101#凭证发放1月工资记账错误-1000 | K69: =VLOOKUP(J69,[1]核算项目明细账!$B$1:$L$65536,11,0) -> 总公司
A70: 2020/10/31 | B70: 记 | C70: 252 | D70: 其他应收 | E70: 10-31调3月101#凭证发放1月工资记账错误 | F70: 5000 | H70: =F70-G70 -> 5000 | I70: 总公司 | J70: =YEAR(A70)&"_"&MONTH(A70)&C70&E70&H70 -> 2020_1025210-31调3月101#凭证发放1月工资记账错误5000 | K70: =VLOOKUP(J70,[1]核算项目明细账!$B$1:$L$65536,11,0) -> 总公司
A71: 2020/11/7 | B71: 记 | C71: 42 | D71: 其他应收 | E71: 11-06代总公司支付盈科法律服务费 | F71: 120000 | H71: =F71-G71 -> 120000 | I71: 费用（无票） | J71: =YEAR(A71)&"_"&MONTH(A71)&C71&E71&H71 -> 2020_114211-06代总公司支付盈科法律服务费120000 | K71: =VLOOKUP(J71,[1]核算项目明细账!$B$1:$L$65536,11,0) -> 总公司
A72: 2020/11/7 | B72: 记 | C72: 47 | D72: 其他应收 | E72: 11-5库尔勒农商行转款阿克苏通力 | F72: 1200000 | H72: =F72-G72 -> 1200000 | I72: 阿通 | J72: =YEAR(A72)&"_"&MONTH(A72)&C72&E72&H72 -> 2020_114711-5库尔勒农商行转款阿克苏通力1200000 | K72: =VLOOKUP(J72,[1]核算项目明细账!$B$1:$L$65536,11,0) -> 阿通
A73: 2020/11/14 | B73: 记 | C73: 83 | D73: 其他应收 | E73: 11-12付宝发借款 | F73: 24000 | H73: =F73-G73 -> 24000 | I73: 宝发 | J73: =YEAR(A73)&"_"&MONTH(A73)&C73&E73&H73 -> 2020_118311-12付宝发借款24000 | K73: =VLOOKUP(J73,[1]核算项目明细账!$B$1:$L$65536,11,0) -> 宝发
A74: 2020/11/26 | B74: 记 | C74: 186 | D74: 其他应收 | E74: 11-10发放10月工资 | F74: 5000 | H74: =F74-G74 -> 5000 | I74: 总公司工资 | J74: =YEAR(A74)&"_"&MONTH(A74)&C74&E74&H74 -> 2020_1118611-10发放10月工资5000 | K74: =VLOOKUP(J74,[1]核算项目明细账!$B$1:$L$65536,11,0) -> 总公司
A75: 2020/12/16 | B75: 记 | C75: 167 | D75: 其他应收 | E75: 12-15农商2813转款总公司 | F75: 1000000 | H75: =F75-G75 -> 1000000 | I75: 总公司 | J75: =YEAR(A75)&"_"&MONTH(A75)&C75&E75&H75 -> 2020_1216712-15农商2813转款总公司1000000 | K75: =VLOOKUP(J75,[1]核算项目明细账!$B$1:$L$65536,11,0) -> 总公司
A76: 2020/12/16 | B76: 记 | C76: 169 | D76: 其他应收 | E76: 12-15转款宝发农资 | F76: 80000 | H76: =F76-G76 -> 80000 | I76: 宝发 | J76: =YEAR(A76)&"_"&MONTH(A76)&C76&E76&H76 -> 2020_1216912-15转款宝发农资80000 | K76: =VLOOKUP(J76,[1]核算项目明细账!$B$1:$L$65536,11,0) -> 宝发
... A78: 2020/12/22 | B78: 记 | C78: 215 | D78: 其他应收 | E78: 12-21计提发放11月工资 | F78: 5000 | H78: =F78-G78 -> 5000 | I78: 总公司工资 | J78: =YEAR(A78)&"_"&MONTH(A78)&C78&E78&H78 -> 2020_1221512-21计提发放11月工资5000 | K78: =VLOOKUP(J78,[1]核算项目明细账!$B$1:$L$65536,11,0) -> 总公司
A79: 2020/12/23 | B79: 记 | C79: 231 | D79: 其他应收 | E79: 12-23宝发农资转款库尔勒银行72392 | G79: 10000000 | H79: =F79-G79 -> -10000000 | I79: 宝发 | J79: =YEAR(A79)&"_"&MONTH(A79)&C79&E79&H79 -> 2020_1223112-23宝发农资转款库尔勒银行72392-10000000 | K79: =VLOOKUP(J79,[1]核算项目明细账!$B$1:$L$65536,11,0) -> 宝发
A80: 2020/12/30 | B80: 记 | C80: 346 | D80: 其他应收 | E80: 12-8农商转通力房产 | F80: 3750000 | H80: =F80-G80 -> 3750000 | I80: 总公司 | J80: =YEAR(A80)&"_"&MONTH(A80)&C80&E80&H80 -> 2020_1234612-8农商转通力房产3750000 | K80: =VLOOKUP(J80,[1]核算项目明细账!$B$1:$L$65536,11,0) -> 总公司
A81: 2020/12/30 | B81: 记 | C81: 347 | D81: 其他应收 | E81: 12-18农商转款宝发 | F81: 4000000 | H81: =F81-G81 -> 4000000 | I81: 宝发 | J81: =YEAR(A81)&"_"&MONTH(A81)&C81&E81&H81 -> 2020_1234712-18农商转款宝发4000000 | K81: =VLOOKUP(J81,[1]核算项目明细账!$B$1:$L$65536,11,0) -> 宝发
A82: 2020/12/30 | B82: 记 | C82: 348 | D82: 其他应收 | E82: 12-8转通力 | F82: 2000000 | H82: =F82-G82 -> 2000000 | I82: 总公司 | J82: =YEAR(A82)&"_"&MONTH(A82)&C82&E82&H82 -> 2020_1234812-8转通力2000000 | K82: =VLOOKUP(J82,[1]核算项目明细账!$B$1:$L$65536,11,0) -> 总公司
A83: 2020/12/30 | B83: 记 | C83: 349 | D83: 其他应收 | E83: 12-18转宝发 | F83: 11000000 | H83: =F83-G83 -> 11000000 | I83: 宝发 | J83: =YEAR(A83)&"_"&MONTH(A83)&C83&E83&H83 -> 2020_1234912-18转宝发11000000 | K83: =VLOOKUP(J83,[1]核算项目明细账!$B$1:$L$65536,11,0) -> 宝发
A84: 2021/1/9 | B84: 记 | C84: 37 | D84: 其他应收 | E84: 1-8转款宝发 | F84: 80000 | H84: =F84-G84 -> 80000 | I84: 宝发 | J84: =YEAR(A84)&"_"&MONTH(A84)&C84&E84&H84 -> 2021_1371-8转款宝发80000 | K84: =VLOOKUP(J84,[1]核算项目明细账!$B$1:$L$65536,11,0) -> 宝发
A85: 2021/1/11 | B85: 记 | C85: 50 | D85: 其他应收 | E85: 1-11转款宝发 | F85: 30000 | H85: =F85-G85 -> 30000 | I85: 宝发 | J85: =YEAR(A85)&"_"&MONTH(A85)&C85&E85&H85 -> 2021_1501-11转款宝发30000 | K85: =VLOOKUP(J85,[1]核算项目明细账!$B$1:$L$65536,11,0) -> 宝发
A86: 2021/1/20 | B86: 记 | C86: 110 | D86: 其他应收 | E86: 1-18库尔勒银行72392转款总公司 | F86: 8800000 | H86: =F86-G86 -> 8800000 | I86: 总公司 | J86: =YEAR(A86)&"_"&MONTH(A86)&C86&E86&H86 -> 2021_11101-18库尔勒银行72392转款总公司8800000 | K86: =VLOOKUP(J86,[1]核算项目明细账!$B$1:$L$65536,11,0) -> 总公司
A87: 2021/1/23 | B87: 记 | C87: 140 | D87: 其他应收 | E87: 1-19库尔勒银行72392转款总公司 | F87: 6300000 | H87: =F87-G87 -> 6300000 | I87: 总公司 | J87: =YEAR(A87)&"_"&MONTH(A87)&C87&E87&H87 -> 2021_11401-19库尔勒银行72392转款总公司6300000 | K87: =VLOOKUP(J87,[1]核算项目明细账!$B$1:$L$65536,11,0) -> 总公司
A88: 2021/1/23 | B88: 记 | C88: 151 | D88: 其他应收 | E88: 1-18发放12月工资 | F88: 5000 | H88: =F88-G88 -> 5000 | I88: 总公司工资 | J88: =YEAR(A88)&"_"&MONTH(A88)&C88&E88&H88 -> 2021_11511-18发放12月工资5000 | K88: =VLOOKUP(J88,[1]核算项目明细账!$B$1:$L$65536,11,0) -> 总公司
A89: 2021/1/29 | B89: 记 | C89: 188 | D89: 其他应收 | E89: 1-28通力房产（总公司）转款农商2813 | G89: 150000 | H89: =F89-G89 -> -150000 | I89: 总公司 | J89: =YEAR(A89)&"_"&MONTH(A89)&C89&E89&H89 -> 2021_11881-28通力房产（总公司）转款农商2813-150000 | K89: =VLOOKUP(J89,[1]核算项目明细账!$B$1:$L$65536,11,0) -> 总公司
A90: 2021/2/5 | B90: 记 | C90: 46 | D90: 其他应收 | E90: 2-4库尔勒银行转款宝发 | F90: 4500000 | H90: =F90-G90 -> 4500000 | I90: 宝发 | J90: =YEAR(A90)&"_"&MONTH(A90)&C90&E90&H90 -> 2021_2462-4库尔勒银行转款宝发4500000 | K90: =VLOOKUP(J90,[1]核算项目明细账!$B$1:$L$65536,11,0) -> 宝发
A91: 2021/2/5 | B91: 记 | C91: 57 | D91: 其他应收 | E91: 计提发放1-2月工资代扣社保及个税 | F91: 10000 | H91: =F91-G91 -> 10000 | I91: 总公司工资 | J91: =YEAR(A91)&"_"&MONTH(A91)&C91&E91&H91 -> 2021_257计提发放1-2月工资代扣社保及个税10000 | K91: =VLOOKUP(J91,[1]核算项目明细账!$B$1:$L$65536,11,0) -> 总公司
A92: 2021/2/20 | B92: 记 | C92: 68 | D92: 其他应收 | E92: 2-8宝发转库尔勒银行72392 | G92: 3000000 | H92: =F92-G92 -> -3000000 | I92: 宝发 | J92: =YEAR(A92)&"_"&MONTH(A92)&C92&E92&H92 -> 2021_2682-8宝发转库尔勒银行72392-3000000 | K92: =VLOOKUP(J92,[1]核算项目明细账!$B$1:$L$65536,11,0) -> 宝发
A93: 2021/2/20 | B93: 记 | C93: 105 | D93: 其他应收 | E93: 2-8总公司转款库尔勒银行72392 | G93: 1000000 | H93: =F93-G93 -> -1000000 | I93: 总公司 | J93: =YEAR(A93)&"_"&MONTH(A93)&C93&E93&H93 -> 2021_21052-8总公司转款库尔勒银行72392-1000000 | K93: =VLOOKUP(J93,[1]核算项目明细账!$B$1:$L$65536,11,0) -> 总公司
A94: 2021/3/10 | B94: 记 | C94: 48 | D94: 其他应收 | E94: 3-9宝发农资转款农商2813 | G94: 7000000 | H94: =F94-G94 -> -7000000 | I94: 宝发 | J94: =YEAR(A94)&"_"&MONTH(A94)&C94&E94&H94 -> 2021_3483-9宝发农资转款农商2813-7000000 | K94: =VLOOKUP(J94,[1]核算项目明细账!$B$1:$L$65536,11,0) -> 宝发
A95: 2021/3/10 | B95: 记 | C95: 60 | D95: 其他应收 | E95: 3-10农商2813转款宝发 | F95: 100000 | H95: =F95-G95 -> 100000 | I95: 宝发 | J95: =YEAR(A95)&"_"&MONTH(A95)&C95&E95&H95 -> 2021_3603-10农商2813转款宝发100000 | K95: =VLOOKUP(J95,[1]核算项目明细账!$B$1:$L$65536,11,0) -> 宝发
A96: 2021/3/10 | B96: 记 | C96: 64 | D96: 其他应收 | E96: 3-10农商2813转款总公司 | F96: 225416.69 | H96: =F96-G96 -> 225416.69 | I96: 总公司 | J96: =YEAR(A96)&"_"&MONTH(A96)&C96&E96&H96 -> 2021_3643-10农商2813转款总公司225416.69 | K96: =VLOOKUP(J96,[1]核算项目明细账!$B$1:$L$65536,11,0) -> 总公司
A97: 2021/3/19 | B97: 记 | C97: 129 | D97: 其他应收 | E97: 3-19库尔勒银行2813转款宝发 | F97: 88900.5 | H97: =F97-G97 -> 88900.5 | I97: 宝发 | J97: =YEAR(A97)&"_"&MONTH(A97)&C97&E97&H97 -> 2021_31293-19库尔勒银行2813转款宝发88900.5 | K97: =VLOOKUP(J97,[1]核算项目明细账!$B$1:$L$65536,11,0) -> 宝发
A98: 2021/3/31 | B98: 记 | C98: 206 | D98: 其他应收 | E98: 3-30农商2813转款宝发 | F98: 3510000 | H98: =F98-G98 -> 3510000 | I98: 宝发 | J98: =YEAR(A98)&"_"&MONTH(A98)&C98&E98&H98 -> 2021_32063-30农商2813转款宝发3510000 | K98: =VLOOKUP(J98,[1]核算项目明细账!$B$1:$L$65536,11,0) -> 宝发
A99: 2021/4/8 | B99: 记 | C99: 33 | D99: 其他应收 | E99: 4-7宝发农资转款农商2813 | G99: 3000000 | H99: =F99-G99 -> -3000000 | I99: 宝发 | J99: =YEAR(A99)&"_"&MONTH(A99)&C99&E99&H99 -> 2021_4334-7宝发农资转款农商2813-3000000 | K99: =VLOOKUP(J99,[1]核算项目明细账!$B$1:$L$65536,11,0) -> 宝发
A100: 2021/4/8 | B100: 记 | C100: 36 | D100: 其他应收 | E100: 4-7农商2813转款宝发 | F100: 80000 | H100: =F100-G100 -> 80000 | I100: 宝发 | J100: =YEAR(A100)&"_"&MONTH(A100)&C100&E100&H100 -> 2021_4364-7农商2813转款宝发80000 | K100: =VLOOKUP(J100,[1]核算项目明细账!$B$1:$L$65536,11,0) -> 宝发
A101: 2021/4/10 | B101: 记 | C101: 56 | D101: 其他应收 | E101: 4-9农商2813转款宝发 | F101: 50000 | H101: =F101-G101 -> 50000 | I101: 宝发 | J101: =YEAR(A101)&"_"&MONTH(A101)&C101&E101&H101 -> 2021_4564-9农商2813转款宝发50000 | K101: =VLOOKUP(J101,[1]核算项目明细账!$B$1:$L$65536,11,0) -> 宝发
...

Sheet 通力房产
A1: id | B1: 账簿 | C1: 年 | D1: 月 | E1: 号 | F1: 摘要 | G1: 科目编码 | H1: 科目全称 | I1: kdbm | J1: 发生额 | K1: 备注
A2: 274 | B2: 200 | C2: 2019 | D2: 12 | E2: 1 | F2: 期初结转 | G2: 1221.02 | H2: 其他应收款_供应商往来 | I2: 201 | J2: 95326286 | K2: 库分
A3: 3574 | B3: 200 | C3: 2020 | D3: 3 | E3: 2 | F3: 贷款转库尔勒分公司 | G3: 1221.02 | H3: 其他应收款_供应商往来 | I3: 201 | J3: 35000000 | K3: 核销
A4: 3577 | B4: 200 | C4: 2020 | D4: 3 | E4: 3 | F4: 转款 | G4: 1221.02 | H4: 其他应收款_供应商往来 | I4: 201 | J4: -350000 | K4: 内部往来
A5: 503 | B5: 200 | C5: 2020 | D5: 3 | E5: 7 | F5: 通力股份公司转款 | G5: 1221.02 | H5: 其他应收款_供应商往来 | I5: 201 | J5: -35000000 | K5: 核销
A6: 508 | B6: 200 | C6: 2020 | D6: 3 | E6: 10 | F6: 转款库尔勒分公司 | G6: 1221.02 | H6: 其他应收款_供应商往来 | I6: 201 | J6: 35000000 | K6: 内部往来
A7: 517 | B7: 200 | C7: 2020 | D7: 3 | E7: 14 | F7: 库尔勒分公司垫付宝发公司款 | G7: 1221.02 | H7: 其他应收款_供应商往来 | I7: 201 | J7: -380000 | K7: 垫付
A8: 976 | B8: 200 | C8: 2020 | D8: 3 | E8: 15 | F8: 库尔勒分公司垫付宝发公司款 | G8: 1221.02 | H8: 其他应收款_供应商往来 | I8: 201 | J8: -23000 | K8: 垫付
A9: 978 | B9: 200 | C9: 2020 | D9: 3 | E9: 16 | F9: 库尔勒分公司垫付二月工资 | G9: 1221.02 | H9: 其他应收款_供应商往来 | I9: 201 | J9: -5000 | K9: 内部往来代付工资
A10: 981 | B10: 200 | C10: 2020 | D10: 4 | E10: 2 | F10: 转款库尔勒分公司 | G10: 1221.02 | H10: 其他应收款_供应商往来 | I10: 201 | J10: 1485996.6 | K10: 内部往来
A11: 987 | B11: 200 | C11: 2020 | D11: 4 | E11: 5 | F11: 转款库尔勒分公司 | G11: 1221.02 | H11: 其他应收款_供应商往来 | I11: 201 | J11: 710000 | K11: 内部往来
A12: 991 | B12: 200 | C12: 2020 | D12: 4 | E12: 7 | F12: 转款库尔勒分公司 | G12: 1221.02 | H12: 其他应收款_供应商往来 | I12: 201 | J12: 15000000 | K12: 内部往来
A13: 3584 | B13: 200 | C13: 2020 | D13: 4 | E13: 9 | F13: 转款库尔勒分公司 | G13: 1221.02 | H13: 其他应收款_供应商往来 | I13: 201 | J13: 819000 | K13: 内部往来
... A149: 60717 | B149: 200 | C149: 2022 | D149: 12 | E149: 5 | F149: 库尔勒分公司垫付2022年3-11月工资 | G149: 1221.02 | H149: 其他应收款_供应商往来 | I149: 201 | J149: -45000 | K149: 分公司垫付工资

Sheet 通力房产往来穿透
A3: 行标签 | B3: 求和项:发生额
A4: 垫付 | B4: 2158335.1
A5: 对方774583计入财务费用，需调整 | B5: -1000000
A6: 对方支付80万，77万计入财务费用，需调整 | B6: -800000
A7: 分公司垫付工资 | B7: -65000
A8: 核销 | B8: 0
A9: 库分 | B9: 39015596
A10: 内部往来 | B10: 67320000
A11: 内部往来代付工资 | B11: -104672
A12: 特殊 | B12: -3295954.4 | E12: 37495954
A13: 总计 | B13: 1.0322831e+08

Sheet 代垫穿透
A3: 行标签 | B3: 求和项:发生额
A4: 201 | B4: 2158335.1
A5: 203 | B5: -800000
A6: 205 | B6: -39205239
A7: 601 | B7: 37846904
A8: 总计 | B8: 7.4505806e-09

Sheet 代垫明细
A1: id | B1: 账簿 | C1: 年 | D1: 月 | E1: 号 | F1: 摘要 | G1: 科目编码 | H1: 科目全称 | I1: kdbm | J1: 发生额
A2: 517 | B2: 200 | C2: 2020 | D2: 3 | E2: 14 | F2: 库尔勒分公司垫付宝发公司款 | G2: 1221.02 | H2: 其他应收款_供应商往来 | I2: 201 | J2: -380000
A3: 516 | B3: 200 | C3: 2020 | D3: 3 | E3: 14 | F3: 库尔勒分公司垫付宝发公司款 | G3: 2202.01 | H3: 应付账款_应付账款-房产 | I3: 601 | J3: 380000
A4: 518 | B4: 200 | C4: 2020 | D4: 3 | E4: 15 | F4: 库尔勒分公司垫付宝发公司款 | G4: 2202.01 | H4: 应付账款_应付账款-房产 | I4: 601 | J4: 23000
A5: 976 | B5: 200 | C5: 2020 | D5: 3 | E5: 15 | F5: 库尔勒分公司垫付宝发公司款 | G5: 1221.02 | H5: 其他应收款_供应商往来 | I5: 201 | J5: -23000
A6: 3586 | B6: 200 | C6: 2020 | D6: 4 | E6: 10 | F6: 阿克苏通力垫付库尔勒分公司款 | G6: 1221.02 | H6: 其他应收款_供应商往来 | I6: 201 | J6: 20000000
A7: 3587 | B7: 200 | C7: 2020 | D7: 4 | E7: 10 | F7: 阿克苏通力垫付库尔勒分公司款 | G7: 1221.02 | H7: 其他应收款_供应商往来 | I7: 205 | J7: -20000000
A8: 3592 | B8: 200 | C8: 2020 | D8: 4 | E8: 13 | F8: 库尔勒分公司垫付宝发公司款 | G8: 2202.01 | H8: 应付账款_应付账款-房产 | I8: 601 | J8: 315000
A9: 3593 | B9: 200 | C9: 2020 | D9: 4 | E9: 13 | F9: 库尔勒分公司垫付宝发公司款 | G9: 1221.02 | H9: 其他应收款_供应商往来 | I9: 201 | J9: -315000
A10: 3595 | B10: 200 | C10: 2020 | D10: 4 | E10: 14 | F10: 库尔勒分公司垫付宝发公司款 | G10: 1221.02 | H10: 其他应收款_供应商往来 | I10: 201 | J10: -510000
A11: 3594 | B11: 200 | C11: 2020 | D11: 4 | E11: 14 | F11: 库尔勒分公司垫付宝发公司款 | G11: 2202.01 | H11: 应付账款_应付账款-房产 | I11: 601 | J11: 510000
A12: 3596 | B12: 200 | C12: 2020 | D12: 4 | E12: 15 | F12: 库尔勒分公司垫付宝发公司款 | G12: 2202.01 | H12: 应付账款_应付账款-房产 | I12: 601 | J12: 240000
A13: 3597 | B13: 200 | C13: 2020 | D13: 4 | E13: 15 | F13: 库尔勒分公司垫付宝发公司款 | G13: 1221.02 | H13: 其他应收款_供应商往来 | I13: 201 | J13: -240000
... A163: 39431 | B163: 200 | C163: 2022 | D163: 3 | E163: 6 | F163: 宝发公司垫付库尔勒分公司借款 | G163: 2202.01 | H163: 应付账款_应付账款-房产 | I163: 601 | J163: -30000000
